 Dungeon Crawl Stone Soup version 0.31-a0-95-g6fa058ef04 (webtiles) character file.

Game seed: 2098027902721605009

2296456 Flugkiller the Ninja (level 27, 259/259 HPs)
             Began as a Naga Hexslinger on May 25, 2023.
             Was a High Priest of Cheibriados.
             Escaped with the Orb
             ... and 4 runes!
             The game lasted 02:56:44 (70533 turns).

Flugkiller the Ninja (Naga Hexslinger)             Turns: 70533, Time: 02:56:45

Health: 259/259    AC: 20    Str: 25    XL:     27
Magic:  40/40      EV: 45    Int: 33    God:    Cheibriados [*****.]
Gold:   7167       SH: 33    Dex: 49    Spells: 10/52 levels left

rFire   + . .        a - +1 rapier of Fortitude {spect, Int+3}
rCold   + + .        h - +4 tower shield of Nihilism {rC++ Dex+5}
rNeg    . . .        f - +2 robe {Archmagi}
rPois   +            L - +2 hat of Quantum Leap {rF+ Int+2}
rElec   .            X - +2 cloak {rPois}
rCorr   .            i - +2 pair of gloves
SInv    +            (no barding)
Will    +++..        u - amulet of regeneration
Stlth   ++++         C - +6 ring of dexterity
HPRegen 1.43/turn    Z - ring of Lust {EV+5 Slay+3}
MPRegen 0.27/turn

%: archmagi
@: studying Polearms, very slow
A: AC +9, large, see invisible, deformed body, poison resistance, slowness 2,
spit poison 1, naga tail 2
0: Orb of Zot
}: 4/15 runes: serpentine, barnacled, silver, abyssal
a: Spit Poison, Renounce Religion, Bend Time, Temporal Distortion, Slouch, Step
From Time


You escaped.
You worshipped Cheibriados.
Cheibriados was extremely pleased with you.
You visited 9 branches of the dungeon, and saw 47 of its levels.
You visited the Abyss 8 times.
You also visited: Trove, Ossuary, Bailey and Desolation.

You collected 9685 gold pieces.
You spent 2518 gold pieces at shops.

Inventory:

Hand Weapons
 a - the +1 rapier of Fortitude (weapon) {spect, Int+3}
   (You took it off an orc wizard on level 10 of the Dungeon)

   Int:       It affects your intelligence (+3).
 b - the +7 Spriggan's Knife {stab, EV+4 Stlth+}
   (You found it on level 4 of the Shoals)

   Stab:      It is more effective when stabbing unaware enemies, sometimes
   treating them as though they were completely helpless.
   EV:        It affects your evasion (+4).
   Stlth:     It makes you more stealthy.
Missiles
 V - 2 throwing nets
Armour
 f - a +2 robe of the Archmagi (worn)
   (You found it on level 4 of the Snake Pit)
 h - the +4 tower shield of Nihilism (worn) {rC++ Dex+5}
   (You took it off Louise on level 1 of the Depths)

   Dex:       It affects your dexterity (+5).
   rC:        It greatly protects you from cold.
 i - a +2 pair of gloves (worn)
   (You found it on level 1 of the Dungeon)
 E - the +3 warlock's mirror {omnireflect}
   (You found it on level 4 of the Shoals)

   Omnireflect: It can block and reflect piercing ranged attacks and magical
   attacks against the wielder's willpower.
 L - the +2 hat of Quantum Leap (worn) {rF+ Int+2}
   (You acquired it on level 3 of the Shoals)

   Int:       It affects your intelligence (+2).
   rF:        It protects you from fire.
 S - the +4 skin of Zhor {*Englaciate rC+++ SInv}
   (You found it on level 3 of the Realm of Zot)

   *Englaciate: It radiates cold, occasionally slowing all nearby creatures who
   are not resistant to cold.
   rC:        It renders you almost immune to cold.
   SInv:      It lets you see invisible.
 X - a +2 cloak of poison resistance (worn)
   (You bought it in a shop on level 5 of the Dungeon)
Jewellery
 c - a ring of protection from cold
   (You found it on level 11 of the Dungeon)
 j - a +4 ring of slaying
   (You found it on level 1 of the Vaults)
 m - a ring of willpower
   (You found it on level 14 of the Dungeon)
 p - a ring of protection from cold
   (You found it on level 1 of the Realm of Zot)
 u - an amulet of regeneration (around neck)
   (You took it off a ragged hierophant in the Desolation of Salt)
 C - a +6 ring of dexterity (left hand)
   (You took it off a deep elf knight on level 1 of the Elven Halls)
 H - the amulet of Zabamp {Acrobat rF+ Will++}
   (You took it off an ironbound convoker in the Desolation of Salt)

   [amulet of the acrobat]

   It increases your evasion while moving and waiting.
   rF:        It protects you from fire.
   Will:      It greatly increases your willpower.
 U - an amulet of magic regeneration
   (You took it off a deep elf annihilator on level 5 of the Vaults)
 Z - the ring of Lust (right hand) {EV+5 Slay+3}
   (You found it in the Desolation of Salt)

   [ring of evasion]

   EV:        It affects your evasion (+5).
   Slay:      It affects your accuracy & damage with ranged weapons and melee
   (+3).
Wands
 l - a wand of digging (48)
   (You found it in a treasure trove)
 K - a wand of roots (50)
   (You took it off an orc on level 8 of the Dungeon)
 O - a wand of acid (20)
   (You found it on level 8 of the Dungeon)
 Q - a wand of paralysis (25)
   (You found it on level 1 of the Shoals)
 T - a wand of mindburst (20)
   (You found it on level 4 of the Dungeon)
Scrolls
 g - 6 scrolls of immolation
 s - 2 scrolls of magic mapping
 t - 8 scrolls of teleportation
 x - 7 scrolls of poison
 y - 4 scrolls of amnesia
 z - 13 scrolls of blinking
 A - 2 scrolls of butterflies
 F - 7 scrolls of fog
 M - 5 scrolls of vulnerability
 N - 6 scrolls of fear
 P - 2 scrolls of silence
 Y - 7 scrolls of enchant armour
Potions
 d - 5 potions of might
 n - 4 potions of resistance
 o - 8 potions of mutation
 q - 16 potions of curing
 r - 9 potions of enlightenment
 w - 18 potions of heal wounds
 B - 6 potions of cancellation
 D - 12 potions of ambrosia
 G - 4 potions of magic
 I - 9 potions of attraction
 R - a potion of invisibility
 W - 4 potions of brilliance
Miscellaneous
 e - a phial of floods
   (You found it on level 5 of the Vaults)
 k - a lightning rod (4/4)
   (You found it on level 14 of the Dungeon)
 v - a box of beasts
   (You found it on level 5 of the Vaults)
 J - a phantom mirror
   (You found it on level 14 of the Dungeon)


   Skills:
 + Level 17.7 Fighting
 - Level 14.0 Short Blades
 - Level 1.7 Ranged Weapons
 * Level 18.2 Dodging
 O Level 27 Stealth
 - Level 16.0 Shields
 - Level 13.0 Spellcasting
 - Level 10.0 Conjurations
 - Level 17.0 Hexes
 - Level 4.0 Translocations
 - Level 12.0 Transmutations
 - Level 2.0 Fire Magic
 - Level 12.0 Earth Magic
 - Level 6.0 Poison Magic
 - Level 12.0 Invocations
 - Level 4.0 Evocations


You had 10 spell levels left.
You knew the following spells:

 Your Spells              Type           Power      Damage    Failure   Level
a - Slow                  Hex            100%       N/A       0%          1
b - Passwall              Tmut/Erth      78%        N/A       1%          2
c - Statue Form           Tmut/Erth      62%        N/A       10%         6
d - Cause Fear            Hex            58%        N/A       1%          4
e - Confusing Touch       Hex            100%       N/A       0%          3
f - Olgreb's Toxic Radia  Pois           75%        N/A       3%          4
g - Leda's Liquefaction   Hex/Erth       51%        N/A       1%          4
h - Ignite Poison         Fire/Tmut/Pois 67%        N/A       2%          3
i - Irradiate             Conj/Tmut      45%        3d26      2%          5
j - Lesser Beckoning      Tloc           100%       N/A       1%          2
k - Enfeeble              Hex            58%        N/A       3%          7
q - Apportation           Tloc           100%       N/A       1%          1

Your spell library contained the following spells:

 Spells                   Type           Power      Damage    Failure   Level
 Tukima's Dance           Hex            100%       N/A       0%          3
 Beastly Appendage        Tmut           100%       N/A       1%          1
 Kiss of Death            Conj/Necr      100%       2d13      1%          1
 Magic Dart               Conj           100%       1d8       1%          1
 Shock                    Conj/Air       100%       1d9       1%          1
 Sting                    Tmut/Pois      100%       1d8       1%          1
 Ensorcelled Hibernation  Hex/Ice        100%       N/A       1%          2
 Searing Ray              Conj           100%       2d8       1%          2
 Wereblood                Tmut           100%       N/A       1%          2
 Dazzling Flash           Conj/Hex       100%       N/A       1%          3
 Inner Flame              Hex/Fire       83%        N/A       1%          3
 Portal Projectile        Hex/Tloc       100%       N/A       1%          3
 Spider Form              Tmut/Pois      81%        N/A       1%          3
 Stone Arrow              Conj/Erth      100%       3d13      1%          3
 Summon Guardian Golem    Hex/Summ       79%        N/A       1%          3
 Fulminant Prism          Conj/Hex       49%        3d21      1%          4
 Blade Hands              Tmut           50%        N/A       1%          5
 Lee's Rapid Deconstruct  Erth           50%        3d24*     1%          5
 Yara's Violent Unravell  Hex/Tmut       51%        3d20      1%          5
 Gell's Gravitas          Tloc           64%        N/A       2%          3
 Teleport Other           Tloc           64%        N/A       2%          3
 Anguish                  Hex/Necr       39%        N/A       2%          4
 Scorch                   Fire           100%       2d9       3%          2
 Hailstorm                Conj/Ice       60%        3d13      3%          3
 Mephitic Cloud           Conj/Pois/Air  59%        N/A       3%          3
 Freeze                   Ice            100%       1d10      4%          1
 Necrotise                Necr           100%       1d9       4%          1
 Summon Small Mammal      Summ           100%       N/A       4%          1
 Poisonous Vapours        Pois/Air       90%        N/A       4%          2
 Iskenderun's Mystic Bla  Conj/Tloc      71%        2d14      4%          4
 Alistair's Intoxication  Tmut/Pois      54%        N/A       6%          5
 Sublimation of Blood     Necr           32%        N/A       7%          2
 Cigotuvi's Dreadful Rot  Necr/Pois/Air  60%        N/A       8%          2
 Volatile Blastmotes      Fire/Tloc      90%        2d17      8%          3
 Animate Armour           Summ/Erth      100%       N/A       8%          4
 Flame Wave               Conj/Fire      66%        2d15      8%          4
 Ice Form                 Ice/Tmut       66%        N/A       8%          4
 Summon Mana Viper        Hex/Summ       79%        N/A       8%          5
 Passage of Golubria      Tloc           64%        N/A       9%          4
 Call Canine Familiar     Summ           32%        N/A       14%         3
 Frozen Ramparts          Ice            64%        1d10      14%         3
 Swiftness                Air            32%        N/A       14%         3
 Vampiric Draining        Necr           32%        2d8       14%         3
 Leda's Unmaking          Conj/Erth      45%        9d8       16%         6
 Borgnjor's Vile Clutch   Necr/Erth      33%        N/A       22%         5
 Dragon Form              Tmut           50%        N/A       28%         7
 Discord                  Hex            58%        N/A       28%         8
 Eringya's Noxious Bog    Tmut/Pois      40%        N/A       34%         6
 Airstrike                Air            16%        2d(3-19)  41%         4
 Animate Dead             Necr           32%        N/A       41%         4
 Dispel Undead            Necr           32%        3d14      41%         4
 Freezing Cloud           Conj/Ice/Air   21%        6-21      63%         5
 Summon Ice Beast         Ice/Summ       16%        N/A       65%         4
 Summon Forest            Summ/Tloc      17%        N/A       73%         5
 Starburst                Conj/Fire      33%        6d10      75%         6
 Agony                    Necr           32%        N/A       77%         5
 Dispersal                Tloc           32%        N/A       80%         6
 Death Channel            Necr           16%        N/A       100%        6
 Summon Cactus Giant      Summ           16%        N/A       100%        6
 Haunt                    Necr/Summ      8%         N/A       100%        7
 Malign Gateway           Summ/Tloc      17%        N/A       100%        7
 Monstrous Menagerie      Summ           16%        N/A       100%        7
 Storm Form               Tmut/Air       33%        N/A       100%        7
 Summon Hydra             Summ           16%        N/A       100%        7
 Ignition                 Fire           25%        3d9       100%        8
 Infestation              Necr           16%        N/A       100%        8
 Lehudib's Crystal Spear  Conj/Erth      45%        10d11     100%        8
 Maxwell's Capacitive Co  Air            16%        ∞         100%        8


Dungeon Overview and Level Annotations

Branches:
Dungeon (15/15)            Temple (0/1) D:6            Lair (5/5) D:9
 Shoals (4/4) Lair:2        Snake (4/4) Lair:2        Slime (0/5) Lair:4
    Orc (2/2) D:11            Elf (3/3) Orc:2        Vaults (5/5) D:13
  Crypt (0/3) Vaults:2     Depths (4/4) D:15            Zot (5/5) Depths:4
Ossuary (visited)          Bailey (visited)         Desolation (visited)

Altars:
Cheibriados
Dithmenos
Elyvilon
Gozag
Hepliaklqana
Kikubaaqudgha
Sif Muna
Trog
Xom
Yredelemnul
Jiyva
Lugonu

Shops:
D:2 [:[   D:5 [   D:6 [**   D:13 [   Orc:1 !   Orc:2 =!(!   Elf:3 !
Shoals:4 ?   Snake:1 :   Snake:2 !   Snake:4 =::   Vaults:2 !   Vaults:4 (
Vaults:5 :   Depths:1 **?

Portals:
Hell: Depths:1 Depths:2 Depths:3 Depths:4
Abyss: Lair:5 Depths:1 Depths:2 Depths:3
Pandemonium: Depths:1 Depths:2 Depths:4
Ziggurat: Depths:3

Annotations:
D:3 1 runed translucent door, Crazy Yiuf
D:6 3 runed translucent doors, decrepitude's ghost, novice MeEE
Lair:4 1 runed translucent door
Shoals:3 3 runed translucent doors, Icwoexe's ghost, adept DrCj; Xig Suan's ghost, adept DECj; Xuirch's ghost, adept MiFi
Orc:1 1 runed translucent door
Elf:2 2 transporters, 3 runed translucent doors, pk666's ghost, adept DEFE
Vaults:3 1 runed translucent door, Wiath's ghost, adept DrBr
Depths:2 3 runed translucent doors, Swamplord's ghost, adept DsGl


Innate Abilities, Weirdness & Mutations

Your serpentine skin is tough. (AC +9)
You have supernaturally acute eyesight. (SInv)
Armour fits poorly on your strangely shaped body.
Your system is resistant to poisons. (rPois)
You cover ground very slowly.
You can spit poison.
You can use your snake-like lower body to constrict enemies.


Message History

Casting: Passwall (safe; 1% risk of failure)
Confirm with . or Enter, or press ? or * to list all spells.
Aiming: Enfeeble (mildly dangerous; 3% risk of failure)
Press: ? - help, Shift-Dir - straight line, f - Tzitzimitl
Aim: a Tzitzimitl (will inflict weakness and antimagic)
You feel a surge of power!
The Tzitzimitl partially resists.
The Tzitzimitl is enfeebled!
You block the Tzitzimitl's attack.
The Tzitzimitl bites you but does no damage.
You hit the Tzitzimitl. Your grab misses the Tzitzimitl.
The Tzitzimitl is lightly wounded.
Your +1 rapier of Fortitude {spect, Int+3} misses the Tzitzimitl.
The Tzitzimitl falters for a moment.
You puncture the Tzitzimitl! You grab the Tzitzimitl.
The Tzitzimitl is lightly wounded.
Your +1 rapier of Fortitude {spect, Int+3} hits the Tzitzimitl!
You constrict the Tzitzimitl. You puncture the Tzitzimitl!
The Tzitzimitl is heavily wounded.
Your +1 rapier of Fortitude {spect, Int+3} hits the Tzitzimitl!
You constrict the Tzitzimitl.
The Tzitzimitl falters for a moment.
You hit the Tzitzimitl.
The Tzitzimitl is heavily wounded.
Your +1 rapier of Fortitude {spect, Int+3} hits the Tzitzimitl!
You constrict the Tzitzimitl.
The Tzitzimitl engulfs your +1 rapier of Fortitude {spect, Int+3}.
Your spectral weapon shares its damage with you!
The Tzitzimitl bites your +1 rapier of Fortitude {spect, Int+3}!
Your spectral weapon shares its damage with you!
You completely miss the Tzitzimitl.
The Tzitzimitl is severely wounded.
Your +1 rapier of Fortitude {spect, Int+3} hits the Tzitzimitl but does no damage.
You constrict the Tzitzimitl.
You hit the Tzitzimitl but do no damage.
The Tzitzimitl is severely wounded.
Your +1 rapier of Fortitude {spect, Int+3} hits the Tzitzimitl but does no damage.
You constrict the Tzitzimitl. You block the Tzitzimitl's attack. x2
You puncture the Tzitzimitl!
The Tzitzimitl is almost dead.
Your +1 rapier of Fortitude {spect, Int+3} hits the Tzitzimitl but does no damage.
You constrict the Tzitzimitl. The Tzitzimitl barely misses you.
You block the Tzitzimitl's attack.
You hit the Tzitzimitl but do no damage.
The Tzitzimitl is almost dead.
Your +1 rapier of Fortitude {spect, Int+3} hits the Tzitzimitl but does no damage.
You constrict the Tzitzimitl.
You kill the Tzitzimitl!
Cheibriados appreciates the change of pace.
(D) Dungeon (T) Temple (L) Lair (A) Shoals (P) Snake Pit (M) Slime Pits (O) Orcish Mines (E) Elven Halls (V) Vaults (C) Crypt (U) Depths (H) Hell (Z) Zot
Where to? (Enter - D:1 @ (x,y), ? - help)
Your +1 rapier of Fortitude {spect, Int+3} disappears.
HP restored.
Magic restored.
There is a stone staircase leading up here.
You climb upwards.
There is a stone staircase leading down, spattered with blood here.
There is a stone staircase leading up here.
You climb upwards.
There is a stone staircase leading down here.
A sixfirhy comes into view.
You block the sixfirhy's attack. x2; The sixfirhy hits you!
The sixfirhy shocks you! You block the sixfirhy's attack.
The sixfirhy completely misses you.
A rust devil comes into view.
You barely miss the sixfirhy. You grab the sixfirhy.
Your +1 rapier of Fortitude {spect, Int+3} hits the sixfirhy.
You constrict the sixfirhy. You impale the sixfirhy!!
The sixfirhy is heavily wounded.
Your +1 rapier of Fortitude {spect, Int+3} hits the sixfirhy!!
You kill the sixfirhy!
Cheibriados thoroughly appreciates the change of pace.
Your +1 rapier of Fortitude {spect, Int+3} disappears.
You puncture the rust devil! You grab the rust devil.
The rust devil is lightly wounded.
You constrict the rust devil. The rust devil completely misses you.
You impale the rust devil!!
The rust devil is severely wounded.
You constrict the rust devil. You block the rust devil's attack.
You puncture the rust devil!
The rust devil is almost dead.
You constrict the rust devil.
You kill the rust devil!
Cheibriados appreciates the change of pace.
Cheibriados raises the support of your attributes as your movement slows.
No target in view!
(D) Dungeon (T) Temple (L) Lair (A) Shoals (P) Snake Pit (M) Slime Pits (O) Orcish Mines (E) Elven Halls (V) Vaults (C) Crypt (U) Depths (H) Hell (Z) Zot
Where to? (Enter - D:1 @ (x,y), ? - help) HP restored.
You open the door.
There is an open door here.
An Orb Guardian comes into view.
There is a staircase leading out of the dungeon here.
Enter note: gg You have escaped!

#...#####
##.#.....#### #
##..###'#....## #
#..####.####..# #
##.##..#.#..##.#
#
#..#.#.#.#.#.#.##
#
#.##..#...#..#..#
#.####.....####.#
#.+.....@.....+.#
######.....####.#
#..#X..#..##.#
#.#.#.#.#.##.#
##..#.#..###.#
####.#####..#
#'##....##
#....#### ######


You could see an Orb Guardian.

Vanquished Creatures
  A seraph (Zot:3)
  4 orbs of fire
  3 ancient liches
  4 dread liches
  Mara (Vaults:2)
  Boris (Vaults:5)
  9 Killer Klowns
  A caustic shrike (Depths:2)
  2 curse toes (Zot:4)
  Nikola (Depths:1)
  6 golden dragons
  2 Tzitzimimeh
  3 doom hounds (Depths:3)
  A pearl dragon (Abyss:3)
  2 electric golems (Zot:5)
  5 bone dragons
  Rupert (D:15)
  An Ice Fiend (D:5)
  A Hell Sentinel (Abyss:3)
  Jorgrun (D:14)
  15 tentacled monstrosities
  5 liches
  A walking crystal tome (Depths:3)
  2 deep elf blademasters (Elf:3)
  28 Orb Guardians
  Asterion (Vaults:1)
  3 titans
  Grunn (Depths:3)
  10 quicksilver dragons
  2 deep elf master archers (Elf:3)
  6 sphinxes
  9 tentacled starspawn
  4 death cobs
  Agnes (D:14)
  7 tengu reavers (Vaults:5)
  8 storm dragons
  3 draconian monks
  A revenant (Abyss:4)
  6 shadow dragons
  5 nagarajas
  Kirke (Lair:4)
  2 draconian knights
  A fenstrider witch (Shoals:1)
  12 vault wardens
  4 fire giants
  9 frost giants
  A daeva (Abyss:3)
  4 deep elf sorcerers (Elf:3)
  A balrug (D:12)
  Aizul (Snake:2)
  2 ghost moths
  Louise (Depths:1)
  3 imperial myrmidons (Desolation)
  4 draconian annihilators
  5 draconian scorchers
  2 draconian stormcallers (Zot:4)
  5 deep elf elementalists (Elf:3)
  An angel (Zot:3)
  4 draconian shifters
  2 orc warlords
  39 very ugly things
  13 stone giants
  A reaper (Abyss:4)
  3 spriggan defenders
  21 ironbound preservers
  7 ironbound thunderhulks
  6 green draconians
  A starflower (Abyss:4)
  2 cacodemons
  A broodmother (shapeshifter) (Lair:5)
  3 war gargoyles
  A vampire knight (Depths:4)
  6 deep elf demonologists (Elf:3)
  4 white draconians
  2 halazid warlocks (Desolation)
  14 red draconians
  8 purple draconians
  A spark wasp (Depths:2)
  7 deep elf annihilators
  A demonspawn black sun (Zot:4)
  10 yellow draconians
  13 black draconians
  Azrael (D:14)
  An eidolon (Abyss:3)
  2 blizzard demons
  5 dire elephants
  6 ettins
  Snorg (D:14)
  7 merfolk javelineers
  2 deep elf high priests
  8 yaktaur captains
  5 entropy weavers
  6 merfolk impalers
  A green death (Zot:3)
  5 fire dragons
  A crystal guardian (Desolation)
  6 deep elf death magi (Elf:3)
  Josephine (D:14)
  An entropy weaver (shapeshifter) (Vaults:5)
  A rakshasa (Depths:2)
  3 hell beasts
  Harold (Lair:1)
  8 servants of whispers (Desolation)
  7 ice dragons
  9 great orbs of eyes
  6 spriggan air magi
  2 salamander tyrants (Snake:4)
  7 peacekeepers
  The ghost of sastreii the Covert, a journeyman OpBr of Dithmenos (Lair:3)
  8 ragged hierophants (Desolation)
  4 ogre magi
  10 hydras
  4 ironbound frosthearts
  16 centaur warriors
  3 alligator snapping turtles (Shoals:4)
  4 anacondas
  9 merfolk aquamancers
  Fannar (D:11)
  11 two-headed ogres
  4 merfolk avatars
  28 vault guards
  2 satyrs
  A catoblepas (D:14)
  5 boulder beetles
  15 dancing weapons
  14 naga warriors
  A vampire mage (Depths:3)
  An orc high priest (Orc:1)
  3 tengu warriors
  3 deep troll earth magi
  A satyr (shapeshifter) (Depths:4)
  6 spriggan berserkers
  15 naga sharpshooters
  6 shock serpents
  12 deep troll shamans
  13 hell knights
  13 thrashing horrors
  12 hell hogs
  2 shock serpents (shapeshifter)
  18 deep elf knights
  5 soul eaters
  3 sun demons
  11 iron trolls
  6 skysharks
  A salamander mystic (Snake:3)
  2 shadow wraiths
  5 skeletal warriors (D:15)
  2 spatial maelstroms (Abyss:3)
  12 wretched stars
  A death drake (Abyss:4)
  A deep troll (shapeshifter) (Vaults:5)
  7 sixfirhies
  A cherub (Zot:3)
  A goliath frog (shapeshifter) (Lair:5)
  19 sea snakes
  53 deep trolls
  2 glowing orange brains
  4 flayed ghosts
  8 deep elf archers
  An obsidian statue (D:9)
  5 naga ritualists
  21 lindwurms
  An orange crystal statue (Depths:1)
  15 wizards
  4 phantasmal warriors (Vaults:5)
  17 ironbound convokers
  A golden dragon skeleton (Abyss:3)
  30 deep elf zephyrmancers
  6 orc knights
  14 harpies
  6 necromancers
  26 deep elf pyromancers
  17 mana vipers
  11 manticores
  A shining eye (shapeshifter) (Abyss:3)
  3 orc sorcerers
  13 cyclopes
  14 large abominations
  9 salamanders
  A will-o-the-wisp (Abyss:4)
  A salamander (shapeshifter) (Vaults:5)
  10 merfolk sirens
  2 elephants (shapeshifter)
  59 ugly things
  11 moths of wrath
  4 worldbinders
  13 fauns
  6 water nymphs
  13 elephants
  13 naga magi
  23 vault sentinels
  Joseph (Lair:1)
  42 black mambas
  A black mamba (shapeshifter) (Depths:3)
  2 elf zombies
  A torpor snail (Lair:5)
  2 gargoyles
  13 guardian serpents
  An orange demon (Zot:3)
  2 rust devils
  5 cane toads
  11 smoke demons
  An eye of devastation (Abyss:1)
  2 rime drakes
  An unseen horror (D:12)
  25 yaktaurs
  4 komodo dragons
  5 freezing wraiths
  An anaconda simulacrum (Abyss:3)
  An ice devil (Depths:1)
  An efreet (Abyss:4)
  A golden dragon simulacrum (Vaults:5)
  A kobold demonologist (D:9)
  7 ancient zymes
  A human skeleton (Vaults:3)
  A tormentor (Depths:2)
  4 tengu conjurers (Depths:3)
  13 trolls
  A queen bee (D:12)
  2 polar bears (D:9)
  6 hellwings
  26 merfolk
  4 meliai
  A queen bee (shapeshifter) (Abyss:4)
  A polar bear (shapeshifter) (D:14)
  A red devil (Zot:3)
  A tarantella (shapeshifter) (Vaults:5)
  10 wind drakes
  4 hornets (Depths:3)
  56 saltlings (Desolation)
  A harpy skeleton (Abyss:1)
  11 dream sheep
  9 raiju
  28 blink frogs
  An ettin zombie (Vaults:5)
  54 slime creatures
  4 snapping turtles
  3 air elementals
  A shadow (D:7)
  2 vampires
  Sigmund (D:4)
  4 spriggans (Depths:3)
  2 elf skeletons (Vaults:3)
  25 water elementals
  An unseen horror simulacrum (D:9)
  5 wyverns
  6 ynoxinuls
  A human (Lair:4)
  4 redbacks
  35 yaks
  9 fire elementals
  7 basilisks
  3 hogs (Lair:4)
  6 chaos spawn
  2 steam dragons (D:7)
  9 wraiths
  8 vampire mosquitoes
  6 neqoxecs
  Edmund (D:4)
  8 spatial vortices (Abyss:3)
  41 nagas
  3 wargs
  An acid dragon (shapeshifter) (Elf:3)
  4 acid dragons
  16 water moccasins
  A floating eye (Depths:4)
  4 ice beasts
  A water moccasin (shapeshifter) (Depths:3)
  A swamp drake (D:11)
  A black bear (shapeshifter) (D:14)
  An ice beast (shapeshifter) (Vaults:5)
  5 black bears
  2 glowing shapeshifter skeletons
  A boggart (D:14)
  3 centaurs
  36 orc warriors
  22 ogres
  54 starcursed masses
  11 wolves
  4 phantoms
  A kobold brigand (D:10)
  13 bullfrogs
  7 earth elementals
  17 wights
  2 scorpions
  25 small abominations
  31 killer bees
  10 electric eels
  10 howler monkeys
  2 quasits (Abyss:3)
  An iron imp (Abyss:1)
  2 gnoll boudas
  7 hounds
  15 orc priests
  3 jellies
  2 sleepcaps
  20 orc wizards
  Natasha (thrice) (D:3)
  4 iguanas
  2 centaur simulacra (D:9)
  8 mummies (Ossuary)
  11 gnolls
  6 adders
  A shadow imp (D:7)
  7 white imps
  8 ufetubi
  3 worms
  2 dart slugs (D:4)
  90 orcs
  2 bats
  7 endoplasms
  3 giant cockroaches
  A goblin (shapeshifter) (Vaults:5)
  17 goblins
  29 hobgoblins
  2 jackals (D:4)
  19 kobolds
  3 quokkas
  4 ball pythons
  2 frilled lizards
  A hobgoblin zombie (Ossuary)
  2 kobold zombies (Ossuary)
  5 orc zombies (Ossuary)
  2 rats
  A lurking horror (Abyss:1)
  24 spectral weapons
  6 starspawn tentacles
2436 creatures vanquished.

Vanquished Creatures (others)
  A very ugly thing (Depths:1)
  A naga warrior (Snake:4)
  A deep troll (Vaults:5)
  A wizard (Vaults:1)
  2 deep elf zephyrmancers (Elf:1)
  A moth of wrath (Zot:4)
  An orc (D:10)
  21 foxfires (Abyss:4)
  A lurking horror (Abyss:3)
  112 spectral weapons
  15 starspawn tentacles
157 creatures vanquished.

Grand Total: 2593 creatures vanquished

Notes
Turn   | Place    | Note
-------+----------+-------------------------------------------
     0 | D:1      | Flugkiller the Naga Hexslinger began the quest for the Orb.
     0 | D:1      | Reached XP level 1. HP: 18/18 MP: 2/2
   162 | D:1      | Reached skill level 1 in Stealth
   377 | D:1      | Reached XP level 2. HP: 25/25 MP: 3/3
   454 | D:1      | Reached skill level 2 in Stealth
   870 | D:2      | Reached XP level 3. HP: 32/32 MP: 4/4
   883 | D:2      | Found a faded altar of an unknown god.
   922 | D:2      | Prayed at the altar of an unknown god.
   922 | D:2      | Became a worshipper of Cheibriados the Contemplative
   922 | D:2      | Reached * piety under Cheibriados
   991 | D:2      | Found Pyifirgh's Book Shop.
  1099 | D:2      | Found Maagg's Antique Armour Boutique.
  1124 | D:2      | Found Basoc Ikoymm's Armour Boutique.
  1781 | D:3      | Noticed Natasha
  1915 | D:3      | Reached XP level 4. HP: 39/39 MP: 5/7
  2018 | D:3      | Reached ** piety under Cheibriados
  2144 | D:3      | Killed Natasha
  2264 | D:3      | Noticed a bullfrog
  2292 | D:3      | Noticed Natasha
  2302 | D:3      | Killed Natasha
  2303 | D:3      | Reached XP level 5. HP: 12/46 MP: 8/8
  2506 | D:3      | Noticed Natasha
  2516 | D:3      | Killed Natasha
  2517 | D:3      | Reached skill level 3 in Stealth
  2527 | D:3      | Found a runed translucent door.
  2528 | D:3      | Noticed Crazy Yiuf
  2957 | D:4      | Learned a level 3 spell: Inner Flame
  3015 | D:4      | Reached XP level 6. HP: 19/55 MP: 3/9
  3029 | D:4      | Reached *** piety under Cheibriados
  3031 | D:4      | Reached skill level 4 in Stealth
  3219 | D:4      | Noticed Edmund
  3225 | D:4      | Killed Edmund
  3226 | D:4      | Reached skill level 1 in Fire Magic
  3385 | D:4      | Found a shadowy altar of Dithmenos.
  3501 | D:4      | Reached XP level 7. HP: 62/62 MP: 10/10
  3936 | D:4      | Noticed Sigmund
  4121 | D:4      | Learned a level 2 spell: Ensorcelled Hibernation
  4126 | D:4      | Learned a level 4 spell: Cause Fear
  4209 | D:5      | Entered Level 5 of the Dungeon
  4242 | D:5      | Reached skill level 5 in Hexes
  4871 | D:4      | Found a shadowy altar of Dithmenos.
  5300 | D:5      | Noticed a yak
  5300 | D:5      | Noticed a yak
  5334 | D:5      | Reached XP level 8. HP: 66/72 MP: 12/12
  5563 | D:4      | Reached skill level 1 in Short Blades
  5638 | D:5      | Noticed a yak
  5678 | D:4      | Killed a yak
  5846 | D:4      | Killed a yak
  5847 | D:4      | Reached skill level 5 in Dodging
  5901 | D:4      | Killed a yak
  6056 | D:5      | Found a white marble altar of Elyvilon.
  6060 | D:5      | Noticed an animated plate armour
  6061 | D:5      | Found Gaates's Armour Boutique.
  6063 | D:5      | Noticed an animated gold dragon scales
  6160 | D:5      | Reached XP level 9. HP: 78/78 MP: 15/15
  6332 | D:6      | Found a staircase to the Ecumenical Temple.
  6342 | D:6      | Reached skill level 5 in Stealth
  6352 | D:6      | Reached **** piety under Cheibriados
  6394 | D:6      | Found a sand-covered staircase.
  6399 | Ossuary  | Entered an ossuary
  6787 | D:3      | Reached skill level 6 in Stealth
  7028 | D:2      | Bought a book of Touch for 286 gold pieces
  7032 | D:2      | Learned a level 3 spell: Confusing Touch
  7153 | D:4      | Killed Sigmund
  7297 | D:6      | Reached skill level 7 in Stealth
  7430 | D:6      | Found a basalt altar of Yredelemnul.
  7430 | D:6      | Found a shimmering altar of Xom.
  7460 | D:6      | Found a runed translucent gate.
  7461 | D:6      | Found a runed translucent gate.
  7462 | D:6      | Found a runed translucent gate.
  7464 | D:6      | Noticed decrepitude's ghost (novice MeEE)
  7495 | D:6      | Found Taexel's Assorted Antiques.
  7504 | D:6      | Reached skill level 5 in Fighting
  7504 | D:6      | Reached skill level 5 in Short Blades
  7509 | D:6      | Reached ***** piety under Cheibriados
  7512 | D:6      | Bought a brown potion for 23 gold pieces
  7512 | D:6      | Bought a scroll of identify for 52 gold pieces
  7516 | D:6      | Found Simpex's Assorted Antiques.
  7521 | D:6      | Bought a smoky cyan potion for 23 gold pieces
  7521 | D:6      | Bought a scroll labelled YSHOILY JUMA for 26 gold pieces
  7521 | D:6      | Bought a viscous green potion for 23 gold pieces
  7521 | D:6      | Bought a brown potion for 23 gold pieces
  7653 | D:6      | Reached skill level 8 in Stealth
  7848 | D:6      | Found Uluexzuz's Antique Armour Emporium.
  8021 | D:7      | Noticed a boulder beetle
  8023 | D:7      | Reached skill level 9 in Stealth
  8430 | D:6      | Reached XP level 10. HP: 47/88 MP: 13/16
  8593 | D:7      | Killed a boulder beetle
  8782 | D:7      | Reached skill level 1 in Poison Magic
  8836 | D:7      | Found a shimmering altar of Xom.
  8850 | D:7      | Learned a level 4 spell: Olgreb's Toxic Radiance
  9546 | D:7      | Reached skill level 5 in Spellcasting
  9550 | D:7      | Reached skill level 5 in Poison Magic
  9728 | D:7      | Found a hazy altar of Hepliaklqana.
  9832 | D:7      | Found a snail-covered altar of Cheibriados.
  9870 | D:7      | Reached skill level 1 in Evocations
 10083 | D:8      | Found a flagged portal.
 10172 | Bailey   | Entered a bailey
 10396 | Bailey   | Reached XP level 11. HP: 97/97 MP: 1/18
 10496 | Bailey   | Reached ****** piety under Cheibriados
 10791 | Bailey   | Reached skill level 10 in Stealth
 10985 | Bailey   | Noticed an orc warlord
 10998 | Bailey   | Killed an orc warlord
 11110 | Bailey   | Identified the staff of fire "Uloucsini" {rElec rF+ Will-
                  | SInv Stlth+}
 11322 | D:8      | Found a snail-covered altar of Cheibriados.
 11336 | D:8      | Found an opulent altar of Gozag.
 13212 | D:9      | Noticed an obsidian statue
 13531 | D:9      | Found a staircase to the Lair.
 14049 | D:9      | Killed an obsidian statue
 14066 | D:9      | Identified the ring of Ynulim {Fly Str+4}
 14132 | D:10     | Entered Level 10 of the Dungeon
 14446 | D:10     | Reached XP level 12. HP: 105/105 MP: 7/19
 14933 | D:10     | Identified the +1 rapier of Fortitude {spect, Int+3}
 15518 | D:11     | Noticed a two-headed ogre
 15522 | D:11     | Killed a two-headed ogre
 15569 | D:11     | Noticed a two-headed ogre
 15576 | D:11     | Killed a two-headed ogre
 15643 | D:11     | Noticed Fannar
 15650 | D:11     | Killed Fannar
 15651 | D:11     | Reached skill level 11 in Stealth
 15704 | D:11     | Found a staircase to the Orcish Mines.
 16012 | D:11     | Found a portal to a secret trove of treasure.
 16268 | Lair:1   | Entered Level 1 of the Lair of Beasts
 16495 | Lair:1   | Noticed Harold
 16502 | Lair:1   | Killed Harold
 16534 | Lair:1   | Noticed Joseph
 16541 | Lair:1   | Killed Joseph
 17361 | Lair:1   | Learned a level 4 spell: Leda's Liquefaction
 17400 | Lair:2   | Reached skill level 12 in Stealth
 17401 | Lair:2   | Gained mutation: You can use your snake-like lower body to
                  | constrict enemies. [Naga growth]
 17401 | Lair:2   | Reached XP level 13. HP: 45/115 MP: 10/22
 17622 | Lair:2   | Found a staircase to the Shoals.
 18189 | Lair:2   | Identified the staff of poison "Leodacarr" {rElec rPois
                  | rCorr}
 18196 | Lair:2   | Identified the +12 lajatang "Hiecofin" {flame, Will+ Dex+3}
 18200 | Lair:2   | Identified the +3 orcbow of Hatred {speed, Will+ Str+2
                  | Int+3}
 18467 | Lair:2   | Found a staircase to the Snake Pit.
 19080 | D:5      | Bought a +1 cloak of poison resistance for 162 gold pieces
 19335 | Lair:3   | Reached skill level 13 in Stealth
 19931 | Lair:3   | Found a runed translucent gate.
 19931 | Lair:3   | Found a runed translucent gate.
 19931 | Lair:3   | Found a runed translucent gate.
 19934 | Lair:3   | Noticed sastreii's ghost (journeyman OpBr)
 19953 | Lair:3   | Killed sastreii's ghost
 19958 | Lair:3   | Reached skill level 14 in Stealth
 19961 | Lair:3   | Identified the +6 broad axe "Vutaeb" {venom, rC+}
 20714 | Lair:3   | Learned a level 3 spell: Ignite Poison
 20826 | Lair:4   | Noticed Kirke
 20835 | Lair:4   | Killed Kirke
 20999 | Lair:4   | Reached skill level 10 in Dodging
 21213 | Lair:4   | Found a runed translucent door.
 21213 | Lair:4   | Found a viscous altar of Jiyva.
 21213 | Lair:4   | Noticed an azure jelly
 21214 | Lair:4   | Found a staircase to the Slime Pits.
 21214 | Lair:4   | Noticed an azure jelly
 21364 | Lair:4   | You are sucked into a shaft and drop 1 floor!
 21364 | Lair:5   | Entered Level 5 of the Lair of Beasts
 21371 | Lair:5   | Reached XP level 14. HP: 129/129 MP: 23/23
 21394 | Lair:5   | Reached skill level 15 in Stealth
 21687 | Lair:5   | Reached skill level 10 in Fighting
 22142 | Lair:5   | Reached skill level 1 in Transmutations
 22142 | Lair:5   | Reached skill level 1 in Earth Magic
 22204 | Lair:5   | Found the +2 cloak of the Thief {*Fog Slay-2 SInv Stlth+}
 22275 | Lair:5   | an ettin changed into a broodmother
 22275 | Lair:5   | Noticed a broodmother (shapeshifter)
 22285 | Lair:5   | Killed a broodmother
 22620 | Lair:5   | Found a corrupted altar of Lugonu.
 22620 | Lair:5   | Found a one-way gate to the infinite horrors of the Abyss.
 23274 | D:12     | Got the Quarto of Relocation
 24480 | D:13     | Found Taat Huc's Armour Shop.
 24641 | D:13     | Found a gate to the Vaults.
 24649 | D:13     | Reached skill level 5 in Transmutations
 24651 | D:13     | Reached skill level 5 in Earth Magic
 24653 | D:13     | Reached XP level 15. HP: 81/138 MP: 14/26
 24951 | D:14     | Noticed Agnes
 24958 | D:14     | Killed Agnes
 25506 | D:14     | Noticed Azrael
 25509 | D:14     | Killed Azrael
 26298 | D:14     | Noticed Josephine
 26303 | D:14     | Killed Josephine
 26445 | D:14     | Noticed Snorg
 26448 | D:14     | Killed Snorg
 28117 | D:14     | Noticed Jorgrun
 28124 | D:14     | Killed Jorgrun
 28125 | D:14     | Reached XP level 16. HP: 44/146 MP: 13/28
 28418 | D:14     | You are sucked into a shaft and drop 1 floor!
 28418 | D:15     | Entered Level 15 of the Dungeon
 28466 | D:14     | Learned a level 6 spell: Statue Form
 28689 | D:15     | Reached skill level 10 in Transmutations
 28689 | D:15     | Reached skill level 10 in Earth Magic
 28912 | D:15     | Noticed Rupert
 28920 | D:15     | Killed Rupert
 29307 | Orc:1    | Entered Level 1 of the Orcish Mines
 29340 | Orc:1    | Found Ugoymad's Distillery.
 29373 | Orc:1    | Bought a potion of heal wounds for 70 gold pieces
 29512 | Orc:1    | Found a runed translucent door.
 29828 | Orc:2    | Entered Level 2 of the Orcish Mines
 29889 | Orc:2    | Found Tiyd Enu's Jewellery Emporium.
 29890 | Orc:2    | Found Zeaxto's Distillery.
 29899 | Orc:2    | Reached skill level 10 in Spellcasting
 29960 | Orc:2    | Found Hoemmaf's Weapon Boutique.
 29974 | Orc:2    | Found Wesuniho's Distillery.
 29983 | Orc:2    | Bought a potion of mutation for 112 gold pieces
 29983 | Orc:2    | Bought a potion of heal wounds for 70 gold pieces
 30198 | Orc:2    | Found a staircase to the Elven Halls.
 30663 | D:15     | Found a staircase to the Depths.
 31191 | Snake:1  | Entered Level 1 of the Snake Pit
 31699 | Snake:1  | Reached skill level 1 in Shields
 32479 | Snake:1  | Found Vainn's Book Shoppe.
 32538 | Snake:1  | Reached XP level 17. HP: 138/159 MP: 26/31
 33050 | Snake:2  | Reached skill level 5 in Shields
 33804 | Snake:2  | Found Uddegh's Distillery.
 33833 | Snake:2  | Bought a potion of heal wounds for 80 gold pieces
 33833 | Snake:2  | Bought a potion of heal wounds for 80 gold pieces
 34451 | Snake:3  | Noticed Aizul
 34465 | Snake:2  | Killed Aizul
 35350 | Snake:4  | Entered Level 4 of the Snake Pit
 35539 | Snake:4  | Reached skill level 10 in Shields
 35547 | Snake:4  | Reached XP level 18. HP: 79/168 MP: 0/32
 35953 | Snake:4  | Noticed a quicksilver dragon
 35953 | Snake:4  | Noticed a quicksilver dragon
 35964 | Snake:4  | Killed a quicksilver dragon
 35979 | Snake:4  | Killed a quicksilver dragon
 35982 | Snake:4  | Got a serpentine rune of Zot
 36204 | Snake:4  | Found Kida's Book Shoppe.
 36205 | Snake:4  | Found Ruabeagh's Jewellery Boutique.
 36206 | Snake:4  | Found Saick's Book Shoppe.
 36470 | Shoals:1 | Entered Level 1 of the Shoals
 36611 | Shoals:1 | Learned a level 2 spell: Lesser Beckoning
 36956 | Shoals:1 | Reached skill level 1 in Translocations
 38388 | Shoals:3 | Acquired 1117 gold pieces
 38395 | Shoals:3 | Acquired the +2 hat of Quantum Leap {rF+ Int+2}
 38442 | Shoals:3 | Found a runed translucent gate.
 38443 | Shoals:3 | Found a runed translucent gate.
 38444 | Shoals:3 | Found a runed translucent gate.
 38445 | Shoals:3 | Noticed Xig Suan's ghost (adept DECj)
 38445 | Shoals:3 | Noticed Xuirch's ghost (adept MiFi)
 38446 | Shoals:3 | Noticed Icwoexe's ghost (adept DrCj)
 38721 | Shoals:3 | Acquired 749 gold pieces
 39025 | Shoals:4 | Entered Level 4 of the Shoals
 39064 | Shoals:4 | Reached skill level 10 in Invocations
 39225 | Shoals:4 | Reached XP level 19. HP: 120/178 MP: 25/33
 39402 | Shoals:4 | Identified the +4 scimitar of the Imbibing Gods {drain,
                  | Str+5 Dex+2}
 39539 | Shoals:4 | Found Asoib's Magic Scroll Boutique.
 39696 | Shoals:4 | Found the +3 warlock's mirror {omnireflect}
 40029 | Shoals:4 | Found the +7 Spriggan's Knife {stab, EV+4 Stlth+}
 40195 | Shoals:4 | Got a barnacled rune of Zot
 40334 | Snake:1  | Bought a book of Hexes for 504 gold pieces
 40342 | Snake:1  | Learned a level 7 spell: Enfeeble
 40545 | Elf:1    | Entered Level 1 of the Elven Halls
 40551 | Elf:1    | Paralysed by an air elemental for 1 turns
 41212 | Elf:1    | Identified the +0 arbalest "Awaupro" {flame, rCorr}
 41982 | Elf:2    | Found a transporter.
 41990 | Elf:2    | Found a bloodstained altar of Trog.
 42000 | Elf:2    | Found a transporter.
 42045 | Elf:2    | Reached skill level 10 in Hexes
 42062 | Elf:2    | Noticed pk666's ghost (adept DEFE)
 42125 | Elf:2    | Found a runed translucent gate.
 42125 | Elf:2    | Found a runed translucent gate.
 42127 | Elf:2    | Found a runed translucent gate.
 42442 | Elf:3    | Entered Level 3 of the Elven Halls
 42442 | Elf:3    | Found a shimmering blue altar of Sif Muna.
 42465 | Elf:3    | Found Omai's Distillery.
 42742 | Elf:3    | Bought a potion of mutation for 112 gold pieces
 42742 | Elf:3    | Bought a potion of cancellation for 112 gold pieces
 42742 | Elf:3    | Bought a potion of cancellation for 112 gold pieces
 42822 | Elf:3    | Paralysed by an air elemental for 1 turns
 42845 | Elf:3    | Reached XP level 20. HP: 188/189 MP: 34/34
 43447 | Elf:3    | Identified the ring of Reimbursement {rCorr Str+6 Dex+3}
 43699 | Elf:3    | Identified the orb of Idgheqeki {light, +Blink Fly Str+2
                  | Int-4}
 43708 | Elf:3    | Identified the staff of cold "Ninyd" {+Blink rC+}
 43719 | Elf:3    | Identified the staff of earth "Giur Fen" {rF- rC+++ Str+5
                  | Stlth-}
 43834 | Elf:3    | Noticed a Tzitzimitl
 43835 | Elf:3    | Noticed a Tzitzimitl
 44028 | Elf:3    | Got the Precepts of Fascination and Infection
 44051 | Elf:3    | Identified the +0 plate armour of Elyvilon's Pride {rElec
                  | rN+ SInv}
 44406 | Elf:3    | Noticed a Brimstone Fiend
 45653 | Vaults:1 | Entered Level 1 of the Vaults
 45923 | Vaults:1 | Learned a level 5 spell: Irradiate
 45954 | Vaults:1 | Reached skill level 15 in Hexes
 46136 | Vaults:1 | Noticed Asterion
 46147 | Vaults:1 | Killed Asterion
 46541 | Vaults:1 | Reached XP level 21. HP: 198/198 MP: 31/35
 46561 | Vaults:1 | Identified the +1 robe of the Thoughtful Wishes {Str+3}
 46866 | Vaults:1 | Identified the +6 trident of Xairph {heavy, rElec Will+
                  | Str-3 Int+4}
 46958 | Vaults:1 | Reached skill level 16 in Stealth
 47151 | Vaults:2 | Noticed Mara
 47155 | Vaults:2 | Noticed Flugkiller's illusion
 47170 | Vaults:2 | Killed Mara
 47203 | Vaults:2 | Found Diloeshy's Distillery.
 47211 | Vaults:2 | Bought a potion of mutation for 128 gold pieces
 47211 | Vaults:2 | Bought a potion of heal wounds for 80 gold pieces
 47211 | Vaults:2 | Bought a potion of heal wounds for 80 gold pieces
 47478 | Vaults:2 | Found a staircase to the Crypt.
 47478 | Vaults:2 | Found a basalt altar of Yredelemnul.
 47479 | Vaults:2 | Found an ancient bone altar of Kikubaaqudgha.
 48052 | Vaults:3 | Reached skill level 17 in Stealth
 48095 | Vaults:3 | Identified the +4 hand axe of Eternal Vigilance {heavy,
                  | rPois Will- Str+3}
 48107 | Vaults:3 | Reached skill level 10 in Short Blades
 48136 | Vaults:3 | Found a runed translucent door.
 48228 | Vaults:3 | Noticed Wiath's ghost (adept DrBr)
 48306 | Vaults:3 | Reached skill level 18 in Stealth
 48473 | Vaults:3 | Found the +3 crown of Dyrovepreva {rElec Int+2 SInv}
 48527 | Vaults:3 | Reached skill level 19 in Stealth
 49010 | Vaults:3 | Reached skill level 20 in Stealth
 49554 | Vaults:4 | Reached skill level 21 in Stealth
 49622 | Vaults:4 | Identified the +3 quarterstaff of Grace {drain, rC+ rCorr}
 49639 | Vaults:4 | Found a crumbling gateway.
 49649 | Desolati | Entered the Desolation of Salt
 49715 | Desolati | Reached skill level 1 in Conjurations
 49723 | Desolati | Reached XP level 22. HP: 206/206 MP: 10/36
 49791 | Desolati | Identified the amulet of Zabamp {Acrobat rF+ Will++}
 49813 | Desolati | Identified the ring "Ruigewid" {Ice rPois rN+ Str+3 Dex-3}
 49854 | Desolati | Reached skill level 22 in Stealth
 50157 | Desolati | Identified the ring "Mafaqoeck" {rElec Str+6 Int+4 Slay-5}
 50195 | Desolati | Identified the +2 robe of Knowledge {+Inv Regen+ Str+3
                  | Int-5}
 50227 | Desolati | Identified the +0 helmet of Foegeli {Will+ Regen+ Stlth+}
 50363 | Desolati | Identified the ring of Lust {EV+5 Slay+3}
 50444 | Desolati | Identified the +5 ring mail "Utocvudy" {Str+3}
 50449 | Desolati | Identified the +4 kite shield "Zyrghiwn" {rN+ Will- Int-3
                  | Dex+5}
 50778 | Vaults:4 | Found Hefon's Weapon Shoppe.
 51405 | Vaults:4 | Reached skill level 5 in Conjurations
 52206 | Lair:5   | Learned a level 1 spell: Apportation
 52207 | Lair:5   | Voluntarily entered the Abyss.
 52368 | Abyss:1  | Found a corrupted altar of Lugonu.
 52390 | Lair:5   | Escaped the Abyss
 52455 | Lair:5   | Voluntarily entered the Abyss.
 52583 | Lair:5   | Escaped the Abyss
 52585 | Lair:5   | Voluntarily entered the Abyss.
 52585 | Abyss:3  | Found a corrupted altar of Lugonu.
 52632 | Abyss:3  | Reached skill level 23 in Stealth
 52654 | Lair:5   | Escaped the Abyss
 52698 | Lair:5   | Voluntarily entered the Abyss.
 52925 | Abyss:3  | Paralysed by accursed screaming for 1 turns
 52979 | Abyss:3  | Paralysed by accursed screaming for 1 turns
 53096 | Lair:5   | Escaped the Abyss
 53930 | Lair:5   | Voluntarily entered the Abyss.
 53930 | Abyss:3  | Found a corrupted altar of Lugonu.
 53955 | Abyss:3  | Noticed a dread lich
 53956 | Abyss:3  | Reached XP level 23. HP: 167/213 MP: 17/38
 53961 | Abyss:3  | Killed a dread lich
 53965 | Lair:5   | Escaped the Abyss
 54066 | Lair:5   | Voluntarily entered the Abyss.
 54106 | Abyss:3  | Found a transporter.
 54357 | Abyss:3  | Found a corrupted altar of Lugonu.
 54364 | Abyss:3  | Found a corrupted altar of Lugonu.
 54381 | Abyss:3  | Found a corrupted altar of Lugonu.
 54470 | Lair:5   | Escaped the Abyss
 54550 | Lair:5   | Voluntarily entered the Abyss.
 54570 | Abyss:3  | Reached skill level 24 in Stealth
 54682 | Abyss:3  | Paralysed by accursed screaming for 2 turns
 54713 | Abyss:3  | Found a corrupted altar of Lugonu.
 54875 | Abyss:4  | Found a corrupted altar of Lugonu.
 54879 | Abyss:4  | Found an opulent altar of Gozag.
 54894 | Abyss:4  | Found a corrupted altar of Lugonu.
 54944 | Abyss:4  | Found a corrupted altar of Lugonu.
 54968 | Lair:5   | Escaped the Abyss
 54983 | Lair:5   | Voluntarily entered the Abyss.
 55055 | Abyss:4  | Reached skill level 25 in Stealth
 55180 | Abyss:4  | Reached skill level 26 in Stealth
 55185 | Abyss:4  | Paralysed by accursed screaming for 1 turns
 55186 | Abyss:4  | Got an abyssal rune of Zot
 55220 | Lair:5   | Escaped the Abyss
 55542 | D:11     | You showed the abyssal rune of Zot to enter a treasure
                  | trove
 55543 | Trove    | Entered a treasure trove
 55550 | Trove    | Identified the ring "Cocvim" {rPois rF+ rC- Int+3 Stlth+}
 55565 | Trove    | Identified the amulet of Pauzoam {Acrobat Will++}
 55567 | Trove    | Identified the ring "Borog" {Fly rElec rN+ rCorr Str+3
                  | Int-5}
 55793 | Depths:1 | Entered Level 1 of the Depths
 55904 | Depths:1 | Found a one-way gate leading to the halls of Pandemonium.
 56070 | Depths:1 | Reached skill level 27 in Stealth
 56117 | Depths:1 | Identified the +4 tower shield of Nihilism {rC++ Dex+5}
 56117 | Depths:1 | Noticed Louise
 56125 | Depths:1 | Killed Louise
 56172 | Depths:1 | Found Qedd's Assorted Antiques.
 56172 | Depths:1 | Found Icrusmy's General Store.
 56176 | Depths:1 | Found Hatsus's Magic Scroll Boutique.
 56184 | Depths:1 | Bought a scroll of blinking for 90 gold pieces
 56294 | Depths:1 | Found a gateway to Hell.
 56305 | Depths:1 | Noticed Nikola
 56324 | Depths:1 | Killed Nikola
 56546 | Depths:2 | Reached XP level 24. HP: 222/222 MP: 34/39
 56628 | Depths:2 | Noticed a caustic shrike
 56634 | Depths:2 | Killed a caustic shrike
 57178 | Depths:2 | Noticed Swamplord's ghost (adept DsGl)
 57491 | Depths:2 | Found a runed translucent gate.
 57491 | Depths:2 | Found a runed translucent gate.
 57491 | Depths:2 | Found a runed translucent gate.
 58040 | Depths:3 | Identified the +8 flail "Gucked" {venom, Int+3}
 58149 | Depths:3 | Identified the ring of Memuocw {rElec rF- rN++ Str+6
                  | Slay+2}
 58202 | Depths:3 | Noticed Grunn
 58284 | Depths:3 | Identified the staff of conjuration "Omeif" {rPois rF+}
 58294 | Depths:3 | Identified the +7 short sword of Wiptaesch {freeze, rElec
                  | rF- rCorr Stlth+}
 58488 | Depths:3 | Killed Grunn
 58921 | Depths:3 | Found a one-way gateway to a ziggurat.
 59264 | Depths:4 | Entered Level 4 of the Depths
 59389 | Depths:4 | Reached skill level 10 in Conjurations
 59610 | Depths:4 | Reached XP level 25. HP: 229/229 MP: 30/40
 59877 | Depths:4 | Found a gate to the Realm of Zot.
 60896 | Vaults:5 | Entered Level 5 of the Vaults
 60908 | Vaults:5 | Reached skill level 15 in Shields
 61206 | Vaults:5 | Identified the staff of poison "Fainuc" {rPois rC+}
 61219 | Vaults:5 | Identified the +1 ring mail "Reggea" {rF- Dex+4}
 61351 | Vaults:5 | Identified the staff of air "Zaasaref" {rElec rN+ rCorr
                  | Str+3}
 61401 | Vaults:5 | Identified the +0 arbalest of Ojoupn {heavy, *Corrode rPois
                  | rN+ Will+}
 61403 | Vaults:5 | Noticed a dread lich
 61412 | Vaults:5 | Killed a dread lich
 61415 | Vaults:5 | Identified the +1 great mace "Gocubbiucs" {heavy, rCorr
                  | Int+2 Stlth+}
 61417 | Vaults:5 | Identified the +2 great sword of Starshine {heavy, Int+4}
 61418 | Vaults:5 | Identified the +4 battleaxe of Quanopp {distort, rC+ rN+}
 61419 | Vaults:5 | Identified the +3 rapier "Nusommag" {elec, Fly rF+ Str-3
                  | Stlth+}
 61422 | Vaults:5 | Identified the +9 battleaxe "Ytoqivit" {heavy, *Slow Will++
                  | rCorr}
 61709 | Vaults:5 | Noticed a dread lich
 61723 | Vaults:5 | Killed a dread lich
 61860 | Vaults:5 | Found Ruruneed's Book Boutique.
 61866 | Vaults:5 | Identified the staff of cold "Warudwut" {rF+ rC+}
 61890 | Vaults:5 | Noticed an ancient lich
 61904 | Vaults:5 | Killed an ancient lich
 62034 | Vaults:5 | Noticed Boris
 62036 | Vaults:5 | Killed Boris
 62071 | Vaults:5 | Got a silver rune of Zot
 62073 | Vaults:5 | Identified the +5 hand axe of Ruerallu {elec, Str-4 Int+6}
 62162 | Vaults:5 | Reached XP level 26. HP: 240/240 MP: 40/40
 62397 | Vaults:5 | Identified the staff of air "Uwoaprah" {rElec rPois}
 62853 | Zot:1    | Entered Level 1 of the Realm of Zot
 62859 | Zot:1    | Noticed an orb of fire
 62884 | Zot:1    | Killed an orb of fire
 63400 | Zot:1    | Noticed an orb of fire
 63405 | Zot:1    | Killed an orb of fire
 63878 | D:6      | Bought a scorched scarf for 270 gold pieces
 63878 | D:6      | Identified the scarf "Suqany" {harm, +Inv Int+2} (You
                  | bought it in a shop on level 6 of the Dungeon)
 64335 | Zot:1    | Reached skill level 15 in Fighting
 65239 | Zot:3    | Found the +4 skin of Zhor {*Englaciate rC+++ SInv}
 65936 | Zot:4    | Reached skill level 15 in Dodging
 66545 | Zot:4    | Noticed a Killer Klown
 66547 | Zot:4    | Killed a Killer Klown
 67232 | Zot:5    | Entered Level 5 of the Realm of Zot
 67622 | Zot:5    | Noticed a dread lich
 67647 | Zot:5    | Noticed an ancient lich
 67655 | Zot:5    | Killed an ancient lich
 67903 | Zot:5    | Noticed a Killer Klown
 67909 | Zot:5    | Noticed a Killer Klown
 67915 | Zot:5    | Killed a Killer Klown
 67922 | Zot:5    | Killed a Killer Klown
 67923 | Zot:5    | Reached XP level 27. HP: 253/253 MP: 11/40
 67938 | Zot:5    | Noticed an orb of fire
 67956 | Zot:5    | Killed an orb of fire
 68611 | Zot:5    | Noticed an orb of fire
 68740 | Zot:5    | Killed an orb of fire
 68901 | Zot:5    | Killed a dread lich
 69339 | Zot:5    | Noticed an ancient lich
 69347 | Zot:5    | Killed an ancient lich
 69755 | Zot:5    | Got the Orb of Zot
 69767 | Zot:5    | Noticed Joguolyx the pandemonium lord
 69836 | Zot:4    | Noticed a seraph
 69937 | Zot:3    | Learned a level 2 spell: Passwall
 69954 | Zot:3    | Noticed a seraph
 69959 | Zot:3    | Killed a seraph
 70532 | D:1      | gg
 70533 | D:$      | Escaped with the Orb!

Illustrated notes

#...#####
##.#.....#### #
##..###'#....## #
#..####.####..# #
##.##..#.#..##.#
#
#..#.#.#.#.#.#.##
#
#.##..#...#..#..#
#.####.....####.#
#.+.....@.....+.#
######.....####.#
#..#...#..##.#
#.#X#.#.#.##.#
##..#.#..###.#
####.#####..#
#'##....##
#....#### ######


Turn 70532 on D:1: gg

Levels and vault maps discovered:
D:1:      nzn_arrival_crosshair, layout_basic
D:2:      layout_basic, hellmonk_ecumenical_altar_zigzags, serial_shops,
          nicolae_shop_tiny_statue_garden, nicolae_shop_scrapyard, shop
D:3:      layout_basic, guppyfry_early_orc_mine, uniq_natasha,
          uniq_crazy_yiuf_cottage
D:4:      layout_basic, grunt_dithmenos_smoke, uniq_sigmund, uniq_edmund
D:5:      layout_rooms, elyvilon_altar_5, serial_shops, nicolae_shop_mannequins
D:6:      layout_basic, gammafunk_temple_overflow_elements,
          minmay_temple_entry_antechambers, serial_shops, shop,
          kennysheep_little_box, shop, ebering_ghost_rock_garden,
          nicolae_ossuary_entry_plus, minmay_circle_x
D:7:      layout_cave_pools, nzn_hepliaklqana_mist_gate, chequers_mini_garden,
          hangedman_feature_mirror, grunt_decor_one_mirror, minmay_between
D:8:      layout_cave_pods, mainiacjoe_overflow_big_doors, enter_bailey_3,
          minmay_holes, minmay_orc_keep
D:9:      layout_rooms, david_lair_shrubbed, serial_ice, serial_ice_d,
          serial_ice_h, serial_ice_c, serial_ice_i, serial_ice_a, serial_ice_e,
          serial_ice_m, minivault_15, minivault_21
D:10:     layout_loops_cross, lemuel_flamethrower_2
D:11:     layout_roguey, erik_orc_1, trove_entry_hex_spiral, uniq_fannar
D:12:     layout_loops_cross, special_room [special_room_bee]
D:13:     layout_rooms, lightli_vaults_fourway_checkpoint, serial_shops,
          nicolae_take_the_stairs, grunt_ministairs_1
D:14:     minmay_spiral_squares, layout_basic, wad_floor_pattern_untrapped,
          uniq_agnes, uniq_josephine, uniq_jorgrun, uniq_azrael, uniq_snorg
D:15:     hangedman_depths_entry_try_elsewhere_first, layout_irregular_city,
          corexii_corridor_pit, uniq_rupert
Lair:1:   layout_regular_city, uniq_joseph, uniq_harold
Lair:2:   layout_roguey, shoals_dummy_entry, guppyfry_snake_entry_garden,
          minmay_lindwurm_lava
Lair:3:   layout_gridlike, gammafunk_ghost_hydra_chop, dreamdust_gnoll_shepherd,
          serial_bayou_shore_a, infiniplex_staircase_pool
Lair:4:   layout_hall_layers, slime_entry_2, uniq_kirke
Lair:5:   hellmonk_lair_end_abyssal_woods, layout_long_grid
Shoals:1: layout_shoals, nicolae_shoals_beach_house_on_fowls_legs
Shoals:2: layout_shoals, nicolae_shoals_circle_sea_wall
Shoals:3: layout_shoals, gammafunk_ghost_cemetery,
          nicolae_shoals_arrival_archipelago
Shoals:4: shoals_end_hangedman, layout_shoals, serial_shops, shop_fountains
Snake:1:  layout_gridlike, serial_shops, shop, nicolae_snake_coiling_death
Snake:2:  layout_basic, serial_shops, shop, grunt_megastairs_5
Snake:3:  layout_misc_corridors, uniq_aizul
Snake:4:  hellmonk_snake_rune_quicksilver_temple, layout_onion,
          minmay_shop_grove
Orc:1:    dreamdust_dug_too_deep, layout_caves, serial_shops,
          nicolae_diamond_shop
Orc:2:    st_orc_open, layout_diamond_mine, basic_altar
Elf:1:    nicolae_elf_arrival_aired_out, layout_loops_corners,
          kennysheep_underground_church, minivault_25,
          hangedman_elven_crosses_minicolossus
Elf:2:    elven_hall_of_blades_hangedman_original [grunt_blade_entry_basic],
          layout_geoelf_grid, gammafunk_ghost_wrathful_warriors
Elf:3:    grunt_elf_hall_diamonds, layout_geoelf_castle, basic_altar,
          serial_shops, shop, uniq_louise
Vaults:1: hangedman_vaults_locks, nicolae_vaults_heart-shaped_vault,
          nicolae_vaults_security_offices_3, v_rooms_4, hangedman_vaults_corner,
          nicolae_vaults_closet_pinwheel_6, nicolae_vaults_sightless_eye,
          ontoclasm_vaults_decontamination, vaults_room_hallway,
          ontoclasm_vaults_hangar, nicolae_vaults_lightning_bolt,
          vaults_dpeg_diagonal, vaults_dpeg_cross, ontoclasm_vaults_gateway,
          layout_vaults_omnibox, uniq_asterion
Vaults:2: vaults_standard_mumra_enter_the_diamond, v_alt_pattern_2,
          vaults_mumra_hexcomb, nicolae_vaults_ellipses_ellipsis,
          vaults_room_grid, nicolae_vaults_mini_display_case, vaults_room_fours,
          minmay_crypt_entry_necro_gods, ontoclasm_vaults_loading_screen,
          vaults_dpeg_ring, vaults_room_hallway,
          nicolae_vaults_little_squares_6, nicolae_vaults_rhombus_5,
          layout_vaults_omnicross, serial_shops, shop, uniq_mara
Vaults:3: gammafunk_ghost_grave, hangedman_vaults_river_flow,
          nicolae_vaults_doubleplus_tesselated, v_misc_13,
          nicolae_vaults_trapezoid_2, v_pattern_5,
          nicolae_vaults_cornered_office, st_lattice, layout_vaults_omnigrid
Vaults:4: portal_desolation_entry_ruin, vaults_room_pool,
          nicolae_vaults_storage_closets_2, ontoclasm_vaults_tryst,
          vaults_room_door_ring, nicolae_vaults_shipping_containers_2,
          nicolae_vaults_double_plus_3, ontoclasm_vaults_twist,
          nicolae_vaults_closet_pinwheel_2, nicolae_vaults_double_plus_1,
          v_misc_25, nicolae_vaults_tangram_2,
          nicolae_vaults_trapezoid_lopsided_3,
          vaults_standard_mumra_enter_the_diamond,
          nicolae_vaults_heart-shaped_vault, vaults_room_pools,
          grunt_vaults_twisty, layout_vaults_ring, serial_glass, serial_shops,
          nicolae_shop_trees
Vaults:5: serial_shops, uniq_boris
Depths:1: layout_honeycomb, nicolae_abyss_entry_one_way_or_another,
          rand_demon_pan_entry_5, hell_entry, columned_hall_lemuel,
          minmay_protected_statue, minmay_shop_star, uniq_nikola
Depths:2: minmay_blocking_statues, layout_gridlike, gammafunk_ghost_icy,
          grunt_pan_entry_spiral, small_statue_intersection,
          grunt_hell_entry_dis_mu, abyss_entry_glasseish,
          infiniplex_staircase_split_hallway
Depths:3: minmay_the_grid_square_5x5_3x3 [minmay_the_grid_square_5x5_spiral,
          minmay_the_grid_square_5x5_plus, minmay_the_grid_square_5x5_six,
          minmay_the_grid_square_5x5_eight,
          minmay_the_grid_square_5x5_megaprize_diamond,
          minmay_the_grid_square_5x5_mess,
          minmay_the_grid_square_5x5_broken_cross,
          minmay_the_grid_square_5x5_inner_i, minmay_the_grid_square_5x5_n],
          layout_basic, enter_ziggurat_a, grunt_mini_vestibule,
          chequers_decorated_corner, abyss_entry, infiniplex_staircase_x,
          uniq_grunn
Depths:4: grunt_bruiser_brothers, layout_basic, pf_hell_entry_great_geh,
          pan_entry, nicolae_concentric_dashed_squares_mild
Zot:1:    layout_concentric_octagons, grunt_ministairs_6
Zot:2:    layout_gridlike, uniq_vv
Zot:3:    layout_basic
Zot:4:    layout_gridlike
Zot:5:    layout_twisted_circle

Skill      XL: |  1  2  3  4  5  6  7  8  9 10 11 12 13 14 15 16 17 18 19 20 21 22 23 24 25 26 27 |
---------------+----------------------------------------------------------------------------------+-----
Stealth        | 1 2 3 4 9 10 12 14 15 21 23 27 | 27.0
Fighting       | 2 3 4 5 6 7 9 10 12 13 14 16 17 | 17.7
Spellcasting   | 2 3 4 5 6 7 8 10 11 12 13 | 13.0
Hexes          | 4 5 6 7 8 11 15 16 17 | 17.0
Dodging        | 2 4 5 8 10 11 12 13 14 16 18 | 18.2
Fire Magic     | 1 2 |  2.0
Short Blades   | 4 5 6 7 8 10 12 14 | 14.0
Invocations    | 3 6 8 10 12 | 12.0
Poison Magic   | 6 |  6.0
Evocations     | 1 4 |  4.0
Transmutations | 5 9 10 12 | 12.0
Earth Magic    | 5 9 10 12 | 12.0
Shields        | 4 10 11 12 14 16 | 16.0
Translocations | 4 |  4.0
Conjurations   | 1 6 10 | 10.0
Ranged Weapons | |  1.7

Action                     |  1- 3 |  4- 6 |  7- 9 | 10-12 | 13-15 | 16-18 | 19-21 | 22-24 | 25-27 || total
---------------------------+-------+-------+-------+-------+-------+-------+-------+-------+-------++-------
  Melee: Flail             |       |       |    35 |       |       |       |       |       |       ||    35
         Dagger            |       |       |    42 |   280 |       |       |       |       |       ||   322
         Punch             |       |       |     1 |     5 |    11 |     5 |       |       |       ||    22
         Short sword       |       |       |       |   121 |       |       |       |       |       ||   121
         Rapier            |       |       |       |   135 |   625 |   986 |   836 |  1465 |  1089 ||  5136
         Constrict         |       |       |       |       |   103 |   278 |   251 |   316 |   169 ||  1117
         Knife             |       |       |       |       |       |       |   252 |   152 |       ||   404
   Fire: Sling             |   104 |   151 |   273 |   192 |       |       |       |       |       ||   720
         Orcbow            |       |       |       |    53 |       |       |       |       |       ||    53
  Throw: Dart              |       |     4 |       |     1 |       |       |       |       |       ||     5
   Cast: Slow              |     6 |    10 |    13 |     1 |     6 |       |       |       |       ||    36
         Inner Flame       |       |     2 |    11 |     6 |     5 |       |       |       |       ||    24
         Cause Fear        |       |       |     6 |     8 |     2 |     5 |     1 |       |       ||    22
         Ensorcelled Hiber |       |       |    22 |     9 |       |       |       |       |       ||    31
         Confusing Touch   |       |       |     3 |    19 |     1 |       |    15 |     1 |       ||    39
         Olgreb's Toxic Ra |       |       |       |    80 |    67 |    33 |    16 |    12 |     9 ||   217
         Leda's Liquefacti |       |       |       |     1 |     6 |    20 |       |     3 |       ||    30
         Ignite Poison     |       |       |       |       |     6 |     5 |     3 |     1 |     2 ||    17
         Statue Form       |       |       |       |       |       |    78 |    62 |    64 |    22 ||   226
         Lesser Beckoning  |       |       |       |       |       |     2 |    51 |    26 |    30 ||   109
         Enfeeble          |       |       |       |       |       |       |    35 |    63 |    84 ||   182
         Irradiate         |       |       |       |       |       |       |     8 |    23 |    44 ||    75
         Apportation       |       |       |       |       |       |       |       |     1 |       ||     1
         Passwall          |       |       |       |       |       |       |       |       |     1 ||     1
 Invoke: Bend Time         |       |       |     1 |     1 |       |       |       |       |       ||     2
         Slouch            |       |       |       |     1 |    13 |    13 |    11 |    23 |    17 ||    78
         Step From Time    |       |       |       |       |     1 |       |       |     1 |     2 ||     4
Ability: Spit Poison       |     1 |     1 |     5 |     1 |       |       |       |       |       ||     8
         End Transformatio |       |       |       |       |       |       |     2 |     3 |       ||     5
  Evoke: Wand              |       |     2 |    10 |     7 |     8 |     1 |       |     2 |     2 ||    32
    Use: Scroll            |     4 |     5 |    10 |     5 |     8 |     7 |    13 |     4 |    11 ||    67
         Potion            |       |     4 |     1 |     2 |     3 |       |     1 |     5 |     5 ||    21
   Stab: Sleeping          |       |       |    12 |    20 |    52 |    34 |    49 |    56 |    47 ||   270
         Confused          |       |       |     3 |    19 |     1 |       |    15 |       |       ||    38
         Distracted        |       |       |       |     4 |    22 |    27 |    37 |    63 |    61 ||   214
         Fleeing           |       |       |       |       |       |     1 |       |       |       ||     1
         Invisible         |       |       |       |       |       |       |    36 |    31 |    64 ||   131
         Paralysed         |       |       |       |       |       |       |       |     1 |       ||     1
 Armour: Robe              |    18 |    23 |       |       |       |       |    55 |    57 |    49 ||   202
         Leather armour    |       |    11 |   132 |    21 |       |       |       |       |       ||   164
         Steam dragon scal |       |       |       |   200 |   194 |    67 |    14 |       |       ||   475
         Skin              |       |       |       |       |       |   428 |   205 |   391 |    89 ||  1113
  Dodge: Dodged            |    25 |    60 |   225 |   739 |   679 |  1253 |  1071 |  1973 |   756 ||  6781
  Block: Kite shield       |       |       |       |       |       |   906 |   112 |       |       ||  1018
         Buckler           |       |       |       |       |       |       |   691 |  1288 |       ||  1979
         Reflection        |       |       |       |       |       |       |    99 |    64 |       ||   163
         Tower shield      |       |       |       |       |       |       |       |    20 |  1489 ||  1509

Table legend: (Time is in decaauts)
 A = Elapsed time spent in this place.
 B = Non-inter-level travel time spent in this place.
 C = Inter-level travel time spent in this place.
 D = Time resting spent in this place.
 E = Time spent auto-exploring this place.
 F = Levels seen in this place.
 G = Mean time per level.
                   A        B        C        D        E       F      G
               +--------+--------+--------+--------+--------+-----+--------+
         Total | 143921 | 121437 |  22484 |  17709 |  71342 |  62 | 2321.3 |
       Dungeon |  47164 |  36249 |  10915 |   7192 |  20583 |  15 | 3144.3 |
          Lair |  15502 |  12508 |   2994 |   2601 |   7761 |   5 | 3100.4 |
        Shoals |   9244 |   8644 |    600 |    464 |   5964 |   4 | 2311.0 |
     Snake Pit |  10781 |   9637 |   1144 |   1626 |   5605 |   4 | 2695.2 |
  Orcish Mines |   2686 |   2319 |    367 |     43 |   1843 |   2 | 1343.0 |
   Elven Halls |   9323 |   8088 |   1235 |   1007 |   5025 |   3 | 3107.7 |
        Vaults |  17023 |  14603 |   2420 |    834 |   9896 |   5 | 3404.6 |
        Depths |  11986 |  10108 |   1878 |    767 |   6747 |   4 | 2996.5 |
           Zot |  12388 |  11462 |    926 |   2052 |   6525 |   5 | 2477.6 |
         Abyss |   3794 |   3794 |      0 |    187 |     61 |  11 |  344.9 |
         Trove |     85 |     85 |      0 |      0 |      0 |   1 |   85.0 |
       Ossuary |    385 |    385 |      0 |     69 |    189 |   1 |  385.0 |
        Bailey |   1558 |   1558 |      0 |    639 |    202 |   1 | 1558.0 |
    Desolation |   1997 |   1997 |      0 |    224 |    935 |   1 | 1997.0 |
               +--------+--------+--------+--------+--------+-----+--------+

Top non-repeatable levels by time:
    D:14: 5855 daAuts
     D:4: 5191 daAuts
     D:9: 4772 daAuts
   Elf:3: 4286 daAuts
Vaults:4: 4135 daAuts
   Zot:5: 4111 daAuts
  Lair:5: 3857 daAuts
 Snake:2: 3785 daAuts
Depths:4: 3764 daAuts
  Lair:2: 3741 daAuts
Vaults:3: 3603 daAuts
    D:12: 3571 daAuts
Vaults:5: 3443 daAuts
Depths:2: 3404 daAuts
    D:15: 3347 daAuts
